AoeStats
← Chigüiro

Lombardia

508683275Analyzed
4v4 RM · 8d ago on Sep 23, 2026· 45m 57s· 8 players
Game mode
Random Map
Map size
Large (8 player)
Population
200
Speed
Normal
Resources
Standard
Victory
Conquest
Starting age
Dark Age
Ending age
Imperial Age
RankedLock teamsTeams togetherTeam positionsShared explorationLock speedFull tech treeHidden civsTurbo modeCheats
Victory
Defeat
🇻🇳 Persians · Vietnam
1541
+15
🇦🇷 Italians · Argentina
1540
+15
🇹🇼 Japanese · Taiwan
1442
+19
🇩🇪 Mongols · Germany
1434
+19
🇹🇷 Spanish · Türkiye
1571
-19
🇱🇻 Varangians · Latvia
1516
-17
🇨🇴 Saracens · Colombia
1489
-16
🇫🇷 Hindustanis · France
1484
-16
두도스
9:43 Feudal Age
10:33 Double-Bit Axe
11:51 Bloodlines
12:23 Horse Collar
15:12 Forging
15:44 Scale Barding Armor
16:37 Loom
18:35 Wheelbarrow
22:35 Castle Age
23:34 Bow Saw
23:25 Heavy Plow
23:31 Stone Mining
24:03 Husbandry
23:27 Light Cavalry
32:31 Chain Barding Armor
32:46 Iron Casting
32:34 Gold Mining
37:11 Imperial Age
35:01 Scale Mail Armor
34:47 Gambesons
35:02 Squires
34:48 Arson
36:03 Chain Mail Armor
37:25 Elite Varangian Guard
38:36 Plate Mail Armor
38:27 Conscription
39:37 Gothikon
40:24 Gold Mining
41:52 Blast Furnace
44:55 Hand Cart
Chigüiro
11:31 Feudal Age
16:47 Castle Age
16:22 Stone Mining
20:12 Forging
21:29 Double-Bit Axe
21:26 Horse Collar
26:07 Iron Casting
26:07 Bow Saw
26:06 Husbandry
27:36 Gold Mining
28:15 Padded Archer Armor
28:52 Loom
29:58 Scale Barding Armor
34:13 Imperial Age
32:13 Heavy Plow
36:52 Blast Furnace
36:31 Gold Shaft Mining
35:25 Elite Mameluke
37:03 Conscription
43:53 Chain Barding Armor
44:32 Ballistics
45:13 Chemistry
45:20 Fletching
45:34 Herbal Medicine
Allison
7:28 Loom
11:08 Feudal Age
15:58 Castle Age
17:19 Double-Bit Axe
20:48 Town Watch
22:58 Padded Archer Armor
23:34 Husbandry
25:47 Horse Collar
26:42 Heavy Plow
27:33 Wheelbarrow
28:57 Bow Saw
29:41 Gold Mining
31:03 Fletching
32:16 Bodkin Arrow
33:46 Bloodlines
36:00 Leather Archer Armor
39:56 Hand Cart
42:24 Stone Mining
44:56 Ballistics
antorse31
10:56 Feudal Age
12:25 Loom
tschipe2_0
10:52 Feudal Age
12:33 Double-Bit Axe
16:15 Castle Age
15:25 Horse Collar
16:15 Loom
17:27 Bow Saw
25:09 Fletching
26:51 Wheelbarrow
27:52 Loom
28:26 Hand Cart
28:41 Bodkin Arrow
34:03 Town Watch
38:08 Imperial Age
36:04 Bloodlines
35:55 Husbandry
35:45 Light Cavalry
37:05 Bodkin Arrow
37:40 Scale Barding Armor
38:54 Ballistics
38:11 Hussar
39:15 Chain Barding Armor
39:06 Forging
40:09 Conscription
41:45 Iron Casting
41:11 Bracer
43:36 Blast Furnace
45:33 Chemistry
jAvi
9:39 Feudal Age
10:13 Double-Bit Axe
14:54 Loom
17:43 Castle Age
15:47 Horse Collar
17:22 Stone Mining
18:51 Bow Saw
22:47 Fletching
24:08 Bodkin Arrow
26:23 Gold Mining
27:02 Ballistics
28:09 Padded Archer Armor
29:45 Thumb Ring
34:41 Imperial Age
33:05 Wheelbarrow
34:02 Stone Shaft Mining
35:07 Hand Cart
35:25 Bracer
37:40 Conscription
38:33 Chemistry
38:55 Leather Archer Armor
40:10 Elite Genoese Crossbowman
41:14 Murder Holes
Viet Nam Strategy
6:17 Loom
8:36 Feudal Age
12:33 Wheelbarrow
12:41 Forging
14:58 Double-Bit Axe
21:28 Castle Age
19:51 Horse Collar
20:01 Gold Mining
20:29 Gold Mining
20:30 Stone Mining
22:12 Hand Cart
22:11 Bow Saw
24:27 Heavy Plow
25:02 Gold Shaft Mining
25:03 Stone Shaft Mining
26:00 Fervor
37:35 Imperial Age
35:22 Town Watch
35:43 Scale Barding Armor
36:14 Iron Casting
37:13 Chain Barding Armor
37:05 Bloodlines
36:55 Husbandry
37:18 Elite War Elephant
39:25 Blast Furnace
38:47 Conscription
39:24 Plate Barding Armor
42:28 Chemistry
44:17 Ballistics
43:58 Padded Archer Armor
43:49 Fletching
45:35 Two-Man Saw
46:57 Crop Rotation
No_English
9:17 Loom
11:11 Feudal Age
18:59 Castle Age
17:22 Double-Bit Axe
18:01 Horse Collar
20:16 Wheelbarrow
20:40 Bow Saw
20:47 Heavy Plow
22:07 Town Watch
25:08 Fletching
25:48 Padded Archer Armor
25:12 Elite Skirmisher
29:03 Leather Archer Armor
29:21 Bodkin Arrow
30:34 Hand Cart
34:19 Gold Mining
35:04 Stone Mining
35:23 Murder Holes
36:44 Squires
37:11 Pikeman
38:41 Ballistics
39:21 Gambesons
46:35 Imperial Age
44:48 Forging
45:28 Thumb Ring
46:09 Ballistics
46:30 Iron Casting
Connection lost

Rejoining the realm…

Still unreachable

The connection could not be restored.

Session expired

The server has moved on; the page needs a fresh start.